TOP OF THE 1ST |
Texarkana Bears batting - Pitching for Mexico City Cerveceros : RHP Josh Schmitt
|
Pitching: RHP Josh Schmitt
|
|
Batting: RHB Steve Garneys
|
0-0: Fly out, F9 (Line Drive, 9)
|
Batting: RHB Tony Reyes
|
0-0: Ball 1-0: Swinging Strike 1-1: Ball 2-1: Swinging Strike 2-2: Strikes out swinging
|
Batting: LHB Sam Barnes
|
0-0: Foul Ball, location: 2F 0-1: Called Strike 0-2: Strikes out swinging
|
Top of the 1st over - 0 run(s), 0 hit(s), 0 error(s), 0 left on base; Texarkana 0 - Mexico City 0 |
BOTTOM OF THE 1ST |
Mexico City Cerveceros batting - Pitching for Texarkana Bears : RHP Asher Zasko
|
Pitching: RHP Asher Zasko
|
|
Batting: SHB George Adams
|
0-0: Ball 1-0: Ball 2-0: Ball 3-0: Base on Balls
|
Batting: RHB Lee Price
|
0-0: Swinging Strike 0-1: Foul Ball, location: 2F 0-2: Ball 1-2: Foul Ball, location: 2F 1-2: Strikes out swinging
|
Batting: RHB Hamilton Holbrook
|
0-0: SINGLE (Flyball, 8LS) George Adams to second Runner from 2nd tries for 3rd, SAFE, no throw
|
Batting: RHB Dennis Stephenson
|
0-0: DOUBLE (Line Drive, 78D) George Adams scores Hamilton Holbrook to third Runner from 3rd tries for Home, throw and OUT!
|
Batting: LHB Gary Kern
|
0-0: Called Strike 0-1: Ball 1-1: Ball 2-1: Called Strike 2-2: Ball 3-2: DOUBLE (Flyball, 7D) Dennis Stephenson scores
|
Batting: RHB Dave Morgan
|
0-0: Fly out, F7 (Line Drive, 78M)
|
Bottom of the 1st over - 2 run(s), 3 hit(s), 0 error(s), 1 left on base; Texarkana 0 - Mexico City 2 |
TOP OF THE 2ND |
Texarkana Bears batting - Pitching for Mexico City Cerveceros : RHP Josh Schmitt
|
Batting: RHB Juan Rico
|
0-0: Ball 1-0: Ball 2-0: Ball 3-0: Called Strike 3-1: Foul Ball, location: 2F 3-2: Foul Ball, location: 2F 3-2: Base on Balls
|
Batting: LHB Tom Mullins
|
0-0: Ball 1-0: Ball 2-0: Ball 3-0: Base on Balls Juan Rico to second
|
Batting: RHB Taki Chikafuji
|
0-0: Ball 1-0: Foul Ball, location: 2F 1-1: SINGLE (Line Drive, 6) Juan Rico to third Tom Mullins to second
|
Batting: RHB Arturo Rodríguez
|
0-0: Foul Ball, location: 2F 0-1: Ball 1-1: Swinging Strike 1-2: Strikes out looking
|
Batting: RHB Lu-fang Huie
|
0-0: Grounds into fielders choice 1-2 (Groundball, 15S) Tom Mullins to third Taki Chikafuji to second
|
Batting: RHB Keith Ford
|
0-0: Ball 1-0: Ball 2-0: Called Strike 2-1: Foul Ball, location: 2F 2-2: Strikes out looking
|
Top of the 2nd over - 0 run(s), 1 hit(s), 0 error(s), 3 left on base; Texarkana 0 - Mexico City 2 |
BOTTOM OF THE 2ND |
Mexico City Cerveceros batting - Pitching for Texarkana Bears : RHP Asher Zasko
|
Batting: LHB Don Soper
|
0-0: SINGLE (Groundball, 6MD)
|
Batting: RHB Robinson Pacheco
|
0-0: Foul Ball, location: 2F 0-1: Ball 1-1: Fly out, F9 (Flyball, 9)
|
Batting: RHB Orlando Núñes
|
0-0: Grounds into double play, 4-6-3 (Groundball, 4)
|
Bottom of the 2nd over - 0 run(s), 1 hit(s), 0 error(s), 0 left on base; Texarkana 0 - Mexico City 2 |
TOP OF THE 3RD |
Texarkana Bears batting - Pitching for Mexico City Cerveceros : RHP Josh Schmitt
|
Batting: RHB Steve Garneys
|
0-0: Foul Ball, location: 2F 0-1: Ball 1-1: Ball 2-1: Ground out 5-3 (Groundball, 56)
|
Batting: RHB Tony Reyes
|
0-0: Ball 1-0: Ball 2-0: Ball 3-0: Base on Balls
|
Batting: LHB Sam Barnes
|
0-0: Ball 1-0: Called Strike 1-1: Called Strike 1-2: Foul Ball, location: 2F 1-2: Strikes out looking
|
Batting: RHB Juan Rico
|
0-0: Called Strike 0-1: Called Strike 0-2: Strikes out swinging
|
Top of the 3rd over - 0 run(s), 0 hit(s), 0 error(s), 1 left on base; Texarkana 0 - Mexico City 2 |
BOTTOM OF THE 3RD |
Mexico City Cerveceros batting - Pitching for Texarkana Bears : RHP Asher Zasko
|
Batting: SHB George Adams
|
0-0: Foul Ball, location: 2F 0-1: Ball 1-1: Ball 2-1: Foul Ball, location: 2F 2-2: Fly out, F2 (Popup, 56S)
|
Batting: RHB Lee Price
|
0-0: Foul Ball, location: 2F 0-1: Ball 1-1: Reached on error, E6 (Line Drive, 6)
|
Batting: RHB Hamilton Holbrook
|
0-0: Called Strike 0-1: Ball 1-1: Fly out, F8 (Flyball, 8LD) Runner from 1st tags up, SAFE at 2nd
|
Batting: RHB Dennis Stephenson
|
0-0: Ball 1-0: Ball 2-0: Called Strike 2-1: Ground out 5-3 (Groundball, 56S)
|
Bottom of the 3rd over - 0 run(s), 0 hit(s), 1 error(s), 1 left on base; Texarkana 0 - Mexico City 2 |
TOP OF THE 4TH |
Texarkana Bears batting - Pitching for Mexico City Cerveceros : RHP Josh Schmitt
|
Batting: LHB Tom Mullins
|
0-0: Ball 1-0: Called Strike 1-1: Foul Ball, location: 2F 1-2: Ball 2-2: Strikes out looking
|
Batting: RHB Taki Chikafuji
|
0-0: Ball 1-0: Ball 2-0: Called Strike 2-1: Ball 3-1: Base on Balls
|
Batting: RHB Arturo Rodríguez
|
0-0: Called Strike 0-1: Ball 1-1: Ball 2-1: Ball 3-1: Swinging Strike 3-2: Strikes out swinging Taki Chikafuji steals 2nd base Batter strikes out.
|
Batting: RHB Lu-fang Huie
|
0-0: Ball 1-0: Foul Ball, location: 2F 1-1: Ball 2-1: Foul Ball, location: 2F 2-2: Foul Ball, location: 2F 2-2: Foul Ball, location: 2F 2-2: Foul Ball, location: 2F 2-2: Strikes out looking
|
Top of the 4th over - 0 run(s), 0 hit(s), 0 error(s), 1 left on base; Texarkana 0 - Mexico City 2 |
BOTTOM OF THE 4TH |
Mexico City Cerveceros batting - Pitching for Texarkana Bears : RHP Asher Zasko
|
Batting: LHB Gary Kern
|
0-0: Called Strike 0-1: Foul Ball, location: 2F 0-2: Foul Ball, location: 2F 0-2: Fly out, F7 (Line Drive, 78M)
|
Batting: RHB Dave Morgan
|
0-0: Ball 1-0: Called Strike 1-1: Swinging Strike 1-2: Ground out 1-3 (Groundball, 15S)
|
Batting: LHB Don Soper
|
0-0: Ball 1-0: Ground out 4-3 (Groundball, 4M)
|
Bottom of the 4th over - 0 run(s), 0 hit(s), 0 error(s), 0 left on base; Texarkana 0 - Mexico City 2 |
TOP OF THE 5TH |
Texarkana Bears batting - Pitching for Mexico City Cerveceros : RHP Josh Schmitt
|
Batting: RHB Keith Ford
|
0-0: Ball 1-0: SINGLE (Groundball, 34D)
|
Batting: RHB Steve Garneys
|
0-0: Fly out, F9 (Line Drive, 9LM)
|
Batting: RHB Tony Reyes
|
0-0: Called Strike 0-1: Ball 1-1: Ball 2-1: SINGLE (Line Drive, 6MD) Keith Ford to second
|
Batting: LHB Sam Barnes
|
0-0: Called Strike 0-1: Foul Ball, location: 2F 0-2: Foul Ball, location: 2F 0-2: Ball 1-2: Ball 2-2: Foul Ball, location: 2F 2-2: Foul Ball, location: 2F 2-2: Ball 3-2: Base on Balls Keith Ford to third Tony Reyes to second
|
Batting: RHB Juan Rico
|
0-0: Foul Ball, location: 2F 0-1: Called Strike 0-2: Foul Ball, location: 2F 0-2: Ball 1-2: Ball 2-2: Foul Ball, location: 2F 2-2: SINGLE (Line Drive, 4MD) Keith Ford scores Tony Reyes to third Sam Barnes to second
|
Pitching: RHP David Sheppard
|
|
Batting: LHB Tom Mullins
|
0-0: Ball 1-0: Called Strike 1-1: Foul Ball, location: 2F 1-2: Ball 2-2: Strikes out looking
|
Batting: RHB Taki Chikafuji
|
0-0: Called Strike 0-1: Ball 1-1: Foul Ball, location: 2F 1-2: Ball 2-2: Strikes out looking
|
Top of the 5th over - 1 run(s), 3 hit(s), 0 error(s), 3 left on base; Texarkana 1 - Mexico City 2 |
BOTTOM OF THE 5TH |
Mexico City Cerveceros batting - Pitching for Texarkana Bears : RHP Asher Zasko
|
Batting: RHB Robinson Pacheco
|
0-0: Ball 1-0: Called Strike 1-1: Fly out, F8 (Line Drive, 8LD)
|
Batting: RHB Orlando Núñes
|
0-0: Called Strike 0-1: Foul Ball, location: 2F 0-2: Ball 1-2: Foul Ball, location: 2F 1-2: Foul Ball, location: 2F 1-2: Strikes out swinging
|
Batting: SHB George Adams
|
0-0: Called Strike 0-1: Foul Ball, location: 2F 0-2: Strikes out looking
|
Bottom of the 5th over - 0 run(s), 0 hit(s), 0 error(s), 0 left on base; Texarkana 1 - Mexico City 2 |
TOP OF THE 6TH |
Texarkana Bears batting - Pitching for Mexico City Cerveceros : RHP David Sheppard
|
Batting: RHB Arturo Rodríguez
|
0-0: Called Strike 0-1: Ball 1-1: Foul Ball, location: 2F 1-2: Strikes out looking
|
Batting: RHB Lu-fang Huie
|
0-0: Called Strike 0-1: Ball 1-1: Swinging Strike 1-2: Ball 2-2: Fly out, F8 (Flyball, 8LM)
|
Batting: RHB Keith Ford
|
0-0: Ground out 4-3 (Groundball, 4)
|
Top of the 6th over - 0 run(s), 0 hit(s), 0 error(s), 0 left on base; Texarkana 1 - Mexico City 2 |
BOTTOM OF THE 6TH |
Mexico City Cerveceros batting - Pitching for Texarkana Bears : RHP Asher Zasko
|
Batting: RHB Lee Price
|
0-0: Ball 1-0: Ball 2-0: Ground out 6-3 (Groundball, 6)
|
Batting: RHB Hamilton Holbrook
|
0-0: Swinging Strike 0-1: Called Strike 0-2: Ball 1-2: Fly out, F9 (Flyball, 9LD)
|
Batting: RHB Dennis Stephenson
|
0-0: Foul Ball, location: 2F 0-1: Ball 1-1: SOLO HOME RUN (Flyball, 8LXD), Distance : 415 ft
|
Batting: LHB Gary Kern
|
0-0: Foul Ball, location: 2F 0-1: SINGLE (Groundball, 4MD)
|
Batting: RHB Dave Morgan
|
0-0: Ball 1-0: Ground out 6-3 (Groundball, 56D)
|
Bottom of the 6th over - 1 run(s), 2 hit(s), 0 error(s), 1 left on base; Texarkana 1 - Mexico City 3 |
TOP OF THE 7TH |
Texarkana Bears batting - Pitching for Mexico City Cerveceros : RHP David Sheppard
|
Batting: RHB Steve Garneys
|
0-0: Called Strike 0-1: Swinging Strike 0-2: Ball 1-2: Strikes out looking
|
Batting: RHB Tony Reyes
|
0-0: Ball 1-0: Foul Ball, location: 2F 1-1: Ball 2-1: Swinging Strike 2-2: Foul Ball, location: 2F 2-2: Fly out, F8 (Flyball, 8LD)
|
Batting: LHB Sam Barnes
|
0-0: Fly out, F7 (Flyball, 7LM)
|
Top of the 7th over - 0 run(s), 0 hit(s), 0 error(s), 0 left on base; Texarkana 1 - Mexico City 3 |
BOTTOM OF THE 7TH |
Mexico City Cerveceros batting - Pitching for Texarkana Bears : RHP Asher Zasko
|
Batting: LHB Don Soper
|
0-0: Ball 1-0: Called Strike 1-1: Ground out U3 (Groundball, 3)
|
Batting: RHB Robinson Pacheco
|
0-0: Ball 1-0: Ball 2-0: Ball 3-0: Called Strike 3-1: Swinging Strike 3-2: Strikes out swinging
|
Batting: RHB Orlando Núñes
|
0-0: Ball 1-0: Called Strike 1-1: SINGLE (Groundball, 34D)
|
Pitching: RHP Jesús Sosa
|
|
Batting: SHB George Adams
|
0-0: Foul Ball, location: 2F 0-1: SINGLE (Groundball, 34D) Orlando Núñes to second Runner from 2nd tries for 3rd, SAFE, throw made to third
|
Pinch Hitting: LHB John Nicholson
|
0-0: Ball 1-0: Called Strike 1-1: Foul Ball, location: 2F 1-2: Ball 2-2: Ball 3-2: Fly out, F4 (Popup, 34D)
|
Bottom of the 7th over - 0 run(s), 2 hit(s), 0 error(s), 2 left on base; Texarkana 1 - Mexico City 3 |
TOP OF THE 8TH |
Texarkana Bears batting - Pitching for Mexico City Cerveceros : RHP David Sheppard
|
Now in RF: John Nicholson
|
|
Batting: RHB Juan Rico
|
0-0: Ball 1-0: Ball 2-0: Called Strike 2-1: Called Strike 2-2: Strikes out swinging
|
Batting: LHB Tom Mullins
|
0-0: Ball 1-0: Fly out, F7 (Flyball, 7S)
|
Batting: RHB Taki Chikafuji
|
0-0: Ground out 5-3 (Groundball, 56)
|
Top of the 8th over - 0 run(s), 0 hit(s), 0 error(s), 0 left on base; Texarkana 1 - Mexico City 3 |
BOTTOM OF THE 8TH |
Mexico City Cerveceros batting - Pitching for Texarkana Bears : RHP Jesús Sosa
|
Batting: RHB Hamilton Holbrook
|
0-0: Ground out 6-3 (Groundball, 6S)
|
Batting: RHB Dennis Stephenson
|
0-0: Ball 1-0: Called Strike 1-1: Swinging Strike 1-2: Foul Ball, location: 2F 1-2: Strikes out looking
|
Batting: LHB Gary Kern
|
0-0: Called Strike 0-1: Ball 1-1: Ball 2-1: Ground out U3 (Groundball, 3)
|
Bottom of the 8th over - 0 run(s), 0 hit(s), 0 error(s), 0 left on base; Texarkana 1 - Mexico City 3 |
TOP OF THE 9TH |
Texarkana Bears batting - Pitching for Mexico City Cerveceros : RHP David Sheppard
|
Pitching: LHP Rubén Rico
|
|
Now at C: Fernando Garza
|
|
Batting: RHB Arturo Rodríguez
|
0-0: Foul Ball, location: 2F 0-1: Ball 1-1: Called Strike 1-2: Foul Ball, location: 2F 1-2: DOUBLE (Groundball, 5L)
|
Batting: RHB Lu-fang Huie
|
0-0: Called Strike 0-1: Ball 1-1: Foul Ball, location: 2F 1-2: Ground out 5-3 (Groundball, 5L)
|
Batting: RHB Keith Ford
|
0-0: Called Strike 0-1: Ball 1-1: Ball 2-1: Swinging Strike 2-2: Foul Ball, location: 2F 2-2: Ground out 6-3 (Groundball, 56)
|
Batting: RHB Steve Garneys
|
0-0: Foul Ball, location: 2F 0-1: Ball 1-1: Swinging Strike 1-2: Strikes out swinging
|
Top of the 9th over - 0 run(s), 1 hit(s), 0 error(s), 1 left on base; Texarkana 1 - Mexico City 3 |
|